 Dungeon Crawl Stone Soup version 0.21-a0-201-g8501b10 (webtiles) character file.

404 tilp the Conjurer (level 6, -9/45 HPs)
             Began as a Hill Orc Fire Elementalist on Aug 18, 2017.
             Killed from afar by Ijyb (21 damage)
             ... with a wand of lightning (?/15)
             ... on level 5 of the Dungeon.
             The game lasted 00:12:14 (4707 turns).

tilp the Conjurer (Hill Orc Fire Elementalist)      Turns: 4707, Time: 00:12:18

Health: -9/45      AC:  6    Str: 11    XL:     6   Next: 86%
Magic:  11/11      EV: 12    Int: 17    God:
Gold:   292        SH:  0    Dex: 11    Spells: 2/12 levels left

rFire    . . .     SeeInvis .   a - +3 war axe (elec)
rCold    . . .     Gourm    .   (no shield)
rNeg     . . .     Faith    .   g - +0 robe
rPois    .         Spirit   .   (no helmet)
rElec    .         Reflect  .   (no cloak)
rCorr    .         Harm     .   o - +1 pair of gloves
MR       .....                  z - +1 pair of boots
Stlth    ++........             (no amulet)
HPRegen  0.15/turn              (no ring)
MPRegen  0.12/turn              (no ring)

@: no status effects
A: no striking features
a: no special abilities


You were on level 5 of the Dungeon.
You were not hungry.

You visited 2 branches of the dungeon, and saw 6 of its levels.

You collected 292 gold pieces.

Inventory:

Hand Weapons
 a - a +3 war axe of electrocution (weapon)
 b - a +0 hunting sling
Missiles
 f - 8 silver javelins (quivered)
 j - 142 stones
Armour
 g - a +0 robe (worn)
 l - a +0 leather armour
 o - a +1 pair of gloves (worn)
 z - a +1 pair of boots (worn)
Jewellery
 y - a cursed ring of teleportation {unknown}
Scrolls
 d - 2 scrolls of magic mapping
 r - 2 scrolls of teleportation
 s - 2 scrolls of remove curse
Potions
 m - 2 potions of agility
 n - 5 potions of curing
 q - a potion of might
 v - a potion of heal wounds
Books
 p - a book of Flames

   Spells                             Type                      Level
   a - Flame Tongue                   Conjuration/Fire             1
   b - Throw Flame                    Conjuration/Fire             2
   c - Conjure Flame                  Conjuration/Fire             3
   d - Inner Flame                    Hexes/Fire                   3
   e - Sticky Flame                   Conjuration/Fire             4
   f - Fireball                       Conjuration/Fire             5
Comestibles
 c - a bread ration
 h - 5 meat rations
 k - 2 royal jellies


   Skills:
 - Level 1.5 Dodging
 - Level 1.5 Stealth
 - Level 3.5 Spellcasting
 + Level 4.6 Conjurations
 * Level 4.3 Fire Magic


You had 2 spell levels left.
You knew the following spells:

 Your Spells              Type           Power        Failure   Level  Hunger
a - Flame Tongue          Conj/Fire      ###..        2%          1    None
b - Throw Flame           Conj/Fire      ###...       4%          2    ##.....
c - Conjure Flame         Conj/Fire      ###.....     8%          3    ###....
d - Sticky Flame          Conj/Fire      ###.....     26%         4    ####...


Dungeon Overview and Level Annotations

Branches:
Dungeon (5/15)             Temple (1/1) D:4

Altars:
Ashenzari
Cheibriados
Dithmenos
Elyvilon
Fedhas
Gozag
Hepliaklqana
Makhleb
Nemelex Xobeh
Qazlal
Ru
Sif Muna
Trog
Uskayaw
Vehumet
Wu Jian
Xom
Yredelemnul
Zin
The Shining One

Annotations:
D:1 potion - needs flight/blink
D:2 1 runed door
D:5 Ijyb


Message History

You barely miss the frilled lizard. The frilled lizard misses you.
The frilled lizard bites you but does no damage.
You barely miss the frilled lizard. The frilled lizard misses you.
You slash the frilled lizard!
You kill the frilled lizard!
Found a stone staircase leading down.
h - 5 meat rations (gained 1)
There is a stone staircase leading down here.
You now have 280 gold pieces (gained 14).
You now have 292 gold pieces (gained 12).
Ijyb the Twisted Goblin comes into view.
Ijyb shouts!
You hit Ijyb but do no damage. Ijyb hits you.
You closely miss Ijyb.
Ijyb zaps a wand.
The bolt of lightning hits you!
Ouch! That really hurt!
* * * LOW HITPOINT WARNING * * *
It is a wand of lightning (?/15).
Ijyb screams, "I dance on your bones!"
Ijyb zaps a wand.
The bolt of lightning hits you!
You die...

*,,,,,,,,,,,,,,,,,,,*
*,***********,,..#*,* *,*
**...**,* *,* *...**,*
*,* *#.#**,* *,* ##.##*,#
*,*****#######...##.#
*,*,,,,......g......#
*,*,*********#@..#***
*,*,* ##.## *,*,*** #.#
**,,,,,**** #.#
**,,,,*,,,,* #.#
,,,*,,,,,,,*** #.#
**,,,,,,,,,,,***#.#######
***,,,,,,,,,,,,*#.......#
,,,,,,,,,,,,,*,*#######.#


You could see Ijyb.

Vanquished Creatures
  An ogre (D:4)
  An orc priest (D:4)
  An iguana (D:4)
  2 worker ants (D:4)
  A hound skeleton (D:4)
  3 gnolls (D:2)
  6 adders
  3 oozes
  4 worms
  5 dart slugs
  4 leopard geckos
  9 orcs
  9 bats
  4 giant cockroaches
  9 goblins
  4 hobgoblins
  3 jackals (D:4)
  A quokka (D:4)
  2 ball pythons
  2 frilled lizards
  7 kobolds
  A leopard gecko skeleton (D:4)
  8 rats
90 creatures vanquished.

Notes
Turn   | Place    | Note
-------+----------+-------------------------------------------
     0 | D:1      | tilp the Hill Orc Fire Elementalist began the quest for the Orb.
     0 | D:1      | Reached XP level 1. HP: 14/14 MP: 3/3
   229 | D:1      | Reached XP level 2. HP: 20/20 MP: 5/5
   248 | D:1      | Learned a level 2 spell: Throw Flame
   547 | D:1      | Reached XP level 3. HP: 26/26 MP: 6/6
   917 | D:2      | Reached XP level 4. HP: 28/33 MP: 3/8
  1482 | D:2      | Found a blossoming altar of Fedhas.
  1740 | D:2      | Found a runed door.
  2115 | D:3      | Reached XP level 5. HP: 38/38 MP: 2/10
  2195 | D:3      | Found an ornate altar of the Wu Jian Council.
  2206 | D:3      | Found a shimmering altar of Xom.
  2208 | D:3      | Found a basalt altar of Yredelemnul.
  2213 | D:3      | Found an opulent altar of Gozag.
  2398 | D:2      | Found a deep blue altar of Sif Muna.
  3262 | D:4      | Noticed an ogre
  3272 | D:4      | Killed an ogre
  3272 | D:4      | Reached XP level 6. HP: 45/45 MP: 5/11
  3277 | D:4      | Learned a level 3 spell: Conjure Flame
  3282 | D:4      | Learned a level 4 spell: Sticky Flame
  3873 | D:4      | Found a staircase to the Ecumenical Temple.
  3889 | Temple   | Entered the Ecumenical Temple
  4632 | D:5      | Entered Level 5 of the Dungeon
  4704 | D:5      | Noticed Ijyb
  4707 | D:5      | Killed from afar by Ijyb

Vault maps used:
D:1:      grunt_arrival_lava_bath, serial_glass, glass_columns_b,
          glass_columns_b, kennysheep_doodads, fountainhead,
          minmay_split_cup_small
D:2:      kennysheep_big_flooded_room, nicolae_overflow_hidden_temple,
          overflow_temple_1_default, minmay_tripent, uniq_crazy_yiuf_cottage
D:3:      lemuel_upstairs_altar, overflow_temple_1_default, minitemple,
          kennysheep_generic_room_16
D:4:      minmay_temple_entry_glassed_door
D:5:      first_bread, serial_shops, shop, uniq_prince_ribbit1, uniq_ijyb
Temple:   eino_temple_water

Skill      XL: |  1  2  3  4  5  6 |
---------------+-------------------+-----
Spellcasting   | 2 3 |  3.5
Conjurations   | 2 4 |  4.6
Fire Magic     | 4 |  4.3
Dodging        | |  1.5
Stealth        | |  1.5

Action                   |  1- 3 |  4- 6 || total
-------------------------+-------+-------++-------
Melee: Short sword       |    52 |   105 ||   157
       Unarmed           |     1 |       ||     1
       War axe           |       |    56 ||    56
Throw: Javelin           |     1 |     4 ||     5
 Cast: Flame Tongue      |    23 |    37 ||    60
       Throw Flame       |     3 |    18 ||    21
       Conjure Flame     |       |     1 ||     1
  Use: Scroll            |       |    11 ||    11
 Stab: Sleeping          |     1 |     3 ||     4
  Eat: Chunk             |       |     9 ||     9
       Bread ration      |       |     1 ||     1
Armor: Robe              |    16 |    48 ||    64
Dodge: Dodged            |    35 |   101 ||   136
